 Dungeon Crawl Stone Soup version 0.31.0-11-ge490571c62 (webtiles) character file.

Game seed: 13832898386247848259

3218 SnakkuSnakku7 the Martial Artist (level 9, 0/61 HPs)
             Began as a Merfolk Conjurer on Feb 1, 2024.
             Was a Believer of Ru.
             Slain by a caustic shrike simulacrum (52 damage)
             ... on level 1 of the Abyss.
             The game lasted 00:14:55 (7873 turns).

SnakkuSnakku7 the Martial Artist (Merfolk Conjurer) Turns: 7873, Time: 00:14:56

Health: 0/61       AC: 12    Str: 18    XL:     9   Next: 97%
Magic:  12/12      EV: 10    Int: 17    God:    Ru [**....]
Gold:   366        SH:  0    Dex: 12    Spells: 11/12 levels left

rFire   + .          .
                       - Unarmed
rCold   x . .        (no shield)
rNeg    . . .        m - +0 scale mail
rPois   .            (no helmet)
rElec   .            i - +2 cloak
rCorr   .            (no gloves)
SInv    .            f - +2 pair of boots
Will    .....        (no amulet)
Stlth   +            p - ring of fire
HPRegen 0.30/turn    J - +6 ring of strength
MPRegen 0.13/turn

%: inaccuracy (-5)
@: no status effects
A: no air magic, no necromancy magic, no alchemy magic, missing an eye, (nimble
swimmer 2), mertail
a: Renounce Religion


You were on level 1 of the Abyss.
You worshipped Ru.
Ru was pleased with you.
You visited 2 branches of the dungeon, and saw 8 of its levels.
You visited the Abyss 1 time.
You also visited: Bailey.

You collected 366 gold pieces.

Inventory:

Missiles
 g - 11 poisoned darts (quivered)
 l - 11 boomerangs
Armour
 a - a +0 robe
 f - a +2 pair of boots (worn)
 i - a +2 cloak (worn)
 m - a +0 scale mail (worn)
 D - a +0 kite shield
Jewellery
 p - a ring of fire (left hand)
 q - a ring of resist corrosion
 r - a ring of magical power
 J - a +6 ring of strength (right hand)
Wands
 H - a wand of digging (3)
Scrolls
 d - a scroll of poison {unknown}
 e - 3 scrolls of teleportation
 o - 3 scrolls of identify
 s - a scroll of enchant armour
 u - 3 scrolls of vulnerability
 x - a scroll of blinking {unknown}
 y - a scroll of noise {unknown}
 z - a scroll of amnesia {unknown}
 E - a scroll of revelation {unknown}
 G - a scroll of immolation {unknown}
 K - a scroll of fog {unknown}
Potions
 b - a potion of magic
 c - 2 potions of ambrosia {unknown}
 h - 3 potions of brilliance {unknown}
 k - 3 potions of lignification {unknown}
 t - 3 potions of mutation {unknown}
 w - a potion of resistance
 A - 2 potions of curing
 B - a potion of attraction
 F - a potion of enlightenment {unknown}
 I - a potion of invisibility {unknown}


   Skills:
 - Level 2.0 Fighting
 - Level 4.0 Throwing
 - Level 2.6 Dodging
 - Level 2.1 Stealth
 + Level 13.7 Unarmed Combat
 - Level 2.0 Spellcasting
 - Level 3.2 Conjurations


You had 11 spell levels left.
You knew the following spells:

 Your Spells              Type           Power      Damage    Failure   Level
a - Magic Dart            Conj           48%        1d5       17%         1

Your spell library contained the following spells:

 Spells                   Type           Power      Damage    Failure   Level
 Searing Ray              Conj           24%        2d5       26%         2
 Momentum Strike          Conj/Tloc      14%        3d8       45%         2
 Apportation              Tloc           2%         N/A       54%         1
 Blink                    Tloc           2%         N/A       69%         2
 Jinxbite                 Hex            2%         N/A       69%         2
 Lesser Beckoning         Tloc           2%         N/A       69%         2
 Confusing Touch          Hex            1%         N/A       89%         3
 Gell's Gravitas          Tloc           1%         N/A       89%         3
 Teleport Other           Tloc           1%         N/A       89%         3
 Iskenderun's Mystic Bla  Conj/Tloc      7%         2d4       98%         4
 Kiss of Death            Conj/Necr      Unusable   2d7       N/A         1
 Fulminant Prism          Conj/Alch      Unusable   3d5       N/A         4
 Dispel Undead            Necr           Unusable   3d6       N/A         4
 Alistair's Intoxication  Alch           Unusable   N/A       N/A         5

Dungeon Overview and Level Annotations

Branches:
Dungeon (7/15)             Temple (1/1) D:4          Bailey (visited)

Altars:
Cheibriados
Dithmenos
Elyvilon
Fedhas
Gozag
Hepliaklqana
Kikubaaqudgha
Makhleb
Nemelex Xobeh
Okawaru
Qazlal
Ru
Sif Muna
Uskayaw
Vehumet
Wu Jian
Xom
Zin
The Shining One

Shops:
D:6 (

Annotations:
D:7 1 runed translucent door, Maggie


Innate Abilities, Weirdness & Mutations

You cannot study or cast Air magic.
You cannot study or cast Necromancy magic.
You cannot study or cast Alchemy magic.
You are missing an eye, making it more difficult to aim.
((You are very nimble when in or above water. (Stealth+, EV+, Speed+++)))
Your lower body shifts to a powerful aquatic tail in water.


Message History

You are mesmerised by Maggie!
You punch Maggie! You punch Maggie.
Maggie is moderately wounded.
Maggie hits you with a +1 morningstar of distortion.
You hit Maggie but do no damage.
Maggie is moderately wounded.
Maggie hits you with a +1 morningstar of distortion!
Space warps around you.
You punch Maggie!
Maggie is moderately wounded.
You closely miss Maggie.
Maggie is moderately wounded.
Maggie begins to cast a spell, but is stunned by your conviction!
You miss Maggie.
Maggie is moderately wounded.
Maggie hits you with a +1 morningstar of distortion.
You barely miss Maggie.
Maggie is moderately wounded.
Maggie hits you with a +1 morningstar of distortion.
You focus your inner power and illuminate Maggie in retribution!
You are cast into the Abyss!
This branch contains the abyssal rune of Zot.
You start resting.
A large abomination comes into view.
There is an empty arch of ancient stone here.
Found a blossoming altar of Fedhas.
A caustic shrike simulacrum comes into view.
The caustic shrike simulacrum moves out of view.
A tentacled starspawn comes into view.
The caustic shrike simulacrum claws you but does no damage.
The caustic shrike simulacrum closely misses you.
Tentacles burst from the starspawn's body! 2 starspawn tentacles come into view.
Unknown command.
The caustic shrike simulacrum claws you but does no damage.
The caustic shrike simulacrum claws you.
The caustic shrike simulacrum freezes you!!!
You feel a terrible chill!
Ouch! That really hurt!
You die...

. .# .# #. #
.#. ##. #
#..### . #
#.#@.# #
###.#.Z### #.#
#...─Xw## ##..#
#.#...#.##..#
#####.#..#
#.....#.#
#...####.#### #
#..#..#.###.#.#
# . #.# #### .#
..# . .


You could see a tentacled starspawn, a starspawn tentacle and a caustic shrike
simulacrum.

Vanquished Creatures
  2 orc knights (Bailey)
  7 orc warriors (Bailey)
  An ice beast (D:6)
  A black bear (D:4)
  A sky beast (D:6)
  A centaur (D:7)
  3 phantoms (D:6)
  2 kobold brigands (D:6)
  2 gnoll sergeants
  A bullfrog (D:7)
  3 scorpions
  3 bombardier beetles
  A jelly (D:6)
  3 hounds
  2 orc priests
  2 iguanas
  6 adders
  8 gnolls
  A shadow imp (D:5)
  5 dart slugs
  3 ribbon worms
  24 orcs
  9 ball pythons
  6 bats
  8 endoplasms
  4 giant cockroaches
  11 goblins
  5 hobgoblins
  4 jackals (D:4)
  3 quokkas (D:1)
  3 frilled lizards (D:2)
  14 kobolds
  A rat (D:1)
150 creatures vanquished.

Vanquished Creatures (others)
  An orc (D:7)
1 creature vanquished.

Grand Total: 151 creatures vanquished

Notes
Turn   | Place    | Note
-------+----------+-------------------------------------------
     0 | D:1      | SnakkuSnakku7 the Merfolk Conjurer began the quest for the
                  | Orb.
     0 | D:1      | Reached XP level 1. HP: 13/13 MP: 3/3
   167 | D:1      | Reached skill level 1 in Fighting
   167 | D:1      | Reached skill level 1 in Unarmed Combat
   167 | D:1      | Reached XP level 2. HP: 21/21 MP: 1/5
   168 | D:1      | Found a faded altar of an unknown god.
   510 | D:1      | Reached XP level 3. HP: 25/27 MP: 6/6
   619 | D:1      | Reached skill level 2 in Unarmed Combat
  1091 | D:2      | Identified the +7 hand axe "Hule" {venom, rC- rN+++ Stlth+}
  1282 | D:2      | Reached skill level 1 in Throwing
  1504 | D:2      | Reached XP level 4. HP: 10/33 MP: 7/7
  2110 | D:3      | Noticed a gnoll sergeant
  2275 | D:4      | Found a staircase to the Ecumenical Temple.
  2336 | Temple   | Entered the Ecumenical Temple
  2378 | Temple   | Became a worshipper of Ru the Awakened
  2491 | D:4      | Reached skill level 3 in Unarmed Combat
  2657 | D:4      | Reached XP level 5. HP: 35/38 MP: 8/8
  2979 | D:4      | Reached skill level 4 in Unarmed Combat
  2979 | D:4      | Reached XP level 6. HP: 44/44 MP: 9/9
  3044 | D:4      | Noticed a black bear
  3226 | D:4      | Killed a black bear
  3411 | D:4      | Reached skill level 5 in Unarmed Combat
  3809 | D:3      | You fall into a shaft and drop 3 floors!
  3823 | D:6      | Reached XP level 7. HP: 50/50 MP: 10/10
  3824 | D:6      | Found a glowing silver altar of Zin.
  3859 | D:6      | Reached skill level 6 in Unarmed Combat
  3959 | D:6      | Found Dogyor's Weapon Shoppe.
  4064 | D:6      | Reached skill level 7 in Unarmed Combat
  4213 | D:5      | Entered Level 5 of the Dungeon
  4214 | D:5      | Gained mutation: You cannot study or cast Air magic. [Ru
                  | sacrifice]
  4214 | D:5      | Gained mutation: You cannot study or cast Alchemy magic.
                  | [Ru sacrifice]
  4214 | D:5      | Gained mutation: You cannot study or cast Necromancy magic.
                  | [Ru sacrifice]
  4214 | D:5      | Reached * piety under Ru
  4577 | D:3      | Reached skill level 8 in Unarmed Combat
  4577 | D:3      | Reached XP level 8. HP: 45/56 MP: 11/11
  5216 | D:6      | Reached skill level 9 in Unarmed Combat
  5486 | D:6      | Found a shadowy altar of Dithmenos.
  5634 | D:7      | Reached skill level 10 in Unarmed Combat
  5750 | D:7      | Found a flagged portal.
  5828 | Bailey   | Entered a bailey
  6067 | Bailey   | Reached skill level 11 in Unarmed Combat
  6067 | Bailey   | Reached XP level 9. HP: 5/61 MP: 12/12
  6647 | Bailey   | Noticed an orc knight
  6647 | Bailey   | Noticed an orc knight
  6698 | Bailey   | Killed an orc knight
  6699 | Bailey   | Reached skill level 12 in Unarmed Combat
  6846 | Bailey   | Killed an orc knight
  6847 | Bailey   | Reached skill level 13 in Unarmed Combat
  6860 | Bailey   | Gained mutation: You are missing an eye, making it more
                  | difficult to aim. [Ru sacrifice]
  6860 | Bailey   | Reached ** piety under Ru
  6974 | D:7      | Noticed Maggie
  7392 | D:7      | Found a runed translucent door.
  7813 | Abyss:1  | Cast into level 1 of the Abyss (Maggie)
  7830 | Abyss:1  | Noticed a large abomination
  7838 | Abyss:1  | Found a blossoming altar of Fedhas.
  7864 | Abyss:1  | Noticed a caustic shrike simulacrum
  7870 | Abyss:1  | Noticed a tentacled starspawn
  7873 | Abyss:1  | Slain by a caustic shrike simulacrum

Illustrated notes

Levels and vault maps discovered:
D:1:      minmay_arrival_stone_box, layout_loops_cross,
          hellmonk_ecumenical_altar_lost_god
D:2:      layout_loops_ring, minmay_misc_feat_diagonals
D:3:      layout_basic
D:4:      layout_rooms, temple_pool_b, fountainhead, hangedman_minor_gate_pass
D:5:      layout_cave_pools
D:6:      layout_cave_pools, zin_statuary, lemuel_coloured_pillars_altar,
          serial_shops, nicolae_shop_bloodbath_and_beyond
D:7:      cheibrodos_helix_gallery, layout_rooms, dk_yredelemnul_ordeal,
          enter_bailey_4, uniq_maggie
Temple:   minmay_crystal_spiral_temple
Abyss:1:  base:
D:5

Skill      XL: |  1  2  3  4  5  6  7  8  9 |
---------------+----------------------------+-----
Fighting       | 1 2 |  2.0
Unarmed Combat | 1 2 3 4 5 8 11 13 | 13.7
Throwing       | 1 2 3 4 |  4.0
Dodging        | |  2.6
Stealth        | |  2.1
Spellcasting   | |  2.0
Conjurations   | |  3.2

Action                     |  1- 3 |  4- 6 |  7- 9 || total
---------------------------+-------+-------+-------++-------
  Melee: Unarmed           |   203 |   304 |   274 ||   781
         Punch             |     4 |     7 |    16 ||    27
         Tailslap          |       |    20 |     7 ||    27
  Throw: Dart              |       |    20 |    35 ||    55
         Boomerang         |       |     4 |       ||     4
   Cast: Magic Dart        |    22 |       |       ||    22
 Invoke: Sacrifice Arcana  |       |       |     1 ||     1
         Sacrifice an Eye  |       |       |     1 ||     1
  Evoke: Wand              |       |       |    28 ||    28
    Use: Scroll            |       |     1 |    10 ||    11
         Potion            |       |       |     1 ||     1
   Stab: Sleeping          |     6 |       |       ||     6
         Paralysed         |       |       |     9 ||     9
         Distracted        |       |       |     1 ||     1
 Armour: Robe              |    94 |       |       ||    94
         Scale mail        |    35 |   267 |   213 ||   515
  Dodge: Dodged            |    97 |   145 |   118 ||   360
